 Dungeon Crawl Stone Soup version 0.27-a0-1202-ge72e49191c (webtiles) character file.

Game seed: 215525185948606313

1246 27snakeeyes612 the Chopper (level 8, -16/73 HPs)
             Began as a Naga Fighter on June 4, 2021.
             Demolished by a two-headed ogre
             ... wielding a +0 giant club
              (17 damage)
             ... on level 5 of the Dungeon.
             The game lasted 00:04:49 (5968 turns).

27snakeeyes612 the Chopper (Naga Fighter)           Turns: 5968, Time: 00:04:50

Health: -16/73     AC:  9    Str: 20    XL:     8   Next: 50%
Magic:  8/8        EV:  6    Int:  9    God:
Gold:   295        SH:  9    Dex: 11    Spells: 7/7 levels left

rFire    . . .     SeeInvis +   a - +0 war axe
rCold    . . .     Faith    .   c - +0 kite shield
rNeg     . . .     Spirit   .   b - +0 scale mail
rPois    +         Reflect  .   (no helmet)
rElec    .         Harm     .   (no cloak)
rCorr    .         Rampage  .   m - +1 pair of gloves {archery}
Will     ++...     Clarity  +   (no barding)
Stlth    ..........             (no amulet)
HPRegen  0.22/turn              d - ring of willpower
MPRegen  0.11/turn              (no ring)

@: short of breath, very slow
A: AC +2, large, see invisible, deformed body, poison resistance, slowness 2,
spit poison 2, naga tail 1, clarity, MP-powered wands
a: Breathe Poison Gas


You were on level 5 of the Dungeon.
You visited 2 branches of the dungeon, and saw 6 of its levels.

You collected 295 gold pieces.

Inventory:

Hand Weapons
 a - a +0 war axe (weapon)
Armour
 b - a +0 scale mail (worn)
 c - a +0 kite shield (worn)
 k - a +0 pair of gloves
 m - a +1 pair of gloves of archery (worn)
Jewellery
 d - a ring of willpower (left hand)
 j - a +6 ring of strength
Scrolls
 e - a scroll of fog {unknown}
 f - a scroll of teleportation {unknown}
 g - 2 scrolls of enchant weapon {unknown}
 l - a scroll of blinking {unknown}
 o - a scroll of identify {unknown}
 p - a scroll of acquirement {unknown}
 r - a scroll of amnesia {unknown}
 t - a scroll of holy word {unknown}
Potions
 h - a potion of curing {unknown}
 i - a potion of degeneration


   Skills:
 + Level 4.5 Fighting
 + Level 5.5 Axes
 + Level 4.8 Armour
 + Level 2.0 Dodging
 + Level 0.9 Stealth
 + Level 4.4 Shields
 + Level 1.7 Evocations


You had 7 spell levels left.
You didn't know any spells.
Your spell library contained the following spells:

 Spells                   Type           Power      Damage    Failure   Level
 Beastly Appendage        Tmut           0%         N/A       96%         1
 Shock                    Conj/Air       0%         1d3       96%         1
 Static Discharge         Conj/Air       0%         N/A       99%         2
 Wereblood                Tmut           0%         N/A       99%         2
 Spider Form              Tmut/Pois      0%         N/A       100%        3
 Stone Arrow              Conj/Erth      0%         3d7       100%        3
 Swiftness                Air            0%         N/A       100%        3
 Airstrike                Air            0%         N/A       100%        4
 Ice Form                 Ice/Tmut       0%         N/A       100%        4
 Leda's Liquefaction      Hex/Erth       0%         N/A       100%        4
 Petrify                  Tmut/Erth      0%         N/A       100%        4
 Hydra Form               Tmut           0%         N/A       100%        5
 Lightning Bolt           Conj/Air       0%         1d11      100%        5
 Shatter                  Erth           0%         3d5*      100%        9


Dungeon Overview and Level Annotations

Branches:
Dungeon (5/15)             Temple (1/1) D:4

Altars:
Dithmenos
Elyvilon
Fedhas
Gozag
Hepliaklqana
Makhleb
Nemelex Xobeh
Ru
Trog
Uskayaw
Xom
Yredelemnul
Zin
The Shining One

Annotations:
D:3 exclusion: oklob plant


Innate Abilities, Weirdness & Mutations

Your serpentine skin is tough. (AC +2)
You have supernaturally acute eyesight. (SInv)
Armour fits poorly on your strangely shaped body.
Your system is resistant to poisons. (rPois)
You cover ground very slowly.
You can exhale a cloud of poison.
You have a snake-like lower body.
You possess an exceptional clarity of mind.
You expend magic power (3 MP) to strengthen your wands.


Message History

You can't do that yet.
A two-headed ogre is nearby!
You can't do that yet.
A two-headed ogre is nearby!
You can't do that yet.
Unknown command.
You can't do that yet.
Unknown command.
Things that are here:
a +0 giant club; an ogre corpse You have got your breath back.
Abil: Breathe Poison Gas
Press: ? - help, Q - select action Shift-Dir - straight line, f - two-headed ogre
Aim: a two-headed ogre, wielding two +0 giant clubs You exhale a blast of poison gas.
The poison gas hits the two-headed ogre.
The two-headed ogre is lightly wounded.
The two-headed ogre is engulfed in poison gas.
The two-headed ogre is poisoned.
You slash the two-headed ogre!
The two-headed ogre is moderately wounded.
The two-headed ogre is engulfed in poison gas.
The two-headed ogre looks even sicker.
The two-headed ogre hits you with a +0 giant club!
The two-headed ogre hits you with a +0 giant club.
You hit the two-headed ogre.
The two-headed ogre is heavily wounded.
The two-headed ogre is engulfed in poison gas.
The two-headed ogre looks even sicker.
You block the two-headed ogre's attack. x2
You hit the two-headed ogre.
The two-headed ogre is severely wounded.
You block the two-headed ogre's attack.
The two-headed ogre hits you with a +0 giant club!!
Unknown command.
You slash the two-headed ogre!
The two-headed ogre is almost dead.
The two-headed ogre hits you with a +0 giant club!!
* * * LOW HITPOINT WARNING * * *
The two-headed ogre hits you with a +0 giant club!
You die...

### ##.####. #[..
#≈≈≈≈....
####.#.##°≈≈≈##'#
#.... #..≈≈≈≈≈...
#..#.###.≈≈≈≈≈...
#.....#..°≈≈≈≈≈..
##....#)≈≈≈≈≈..
#......O.≈≈≈≈..
##...##@#≈≈≈≈≈.
#.###..##.#≈≈≈≈≈.
#.........##≈≈≈≈.
######.#### ≈≈≈≈.
#.# #≈≈≈≈# #.#
≈≈≈≈≈#
##.####≈≈≈≈≈##
#......≈≈≈≈...
##.#.##≈≈≈≈≈...


You could see a two-headed ogre (very poisoned).

Vanquished Creatures
  Eustachio (D:5)
  Menkaure (D:5)
  Edmund (D:5)
  An ogre (D:5)
  5 scorpions
  A howler monkey (D:4)
  A bullfrog skeleton (D:2)
  An orc wizard (D:3)
  Natasha (twice) (D:4)
  6 iguanas
  A hound zombie (D:5)
  A hound skeleton (D:5)
  A mummy (D:5)
  9 adders
  A dart slug (D:3)
  3 orcs (D:3)
  9 bats
  4 endoplasms
  4 giant cockroaches
  8 goblins
  7 hobgoblins
  9 jackals
  5 kobolds
  A quokka (D:4)
  4 ball pythons
  A frilled lizard (D:2)
  3 hobgoblin zombies (D:5)
  2 rats
93 creatures vanquished.

Vanquished Creatures (others)
  3 fungi (D:4)
  2 plants (D:4)
5 creatures vanquished.

Grand Total: 98 creatures vanquished

Notes
Turn   | Place    | Note
-------+----------+-------------------------------------------
     0 | D:1      | 27snakeeyes612 the Naga Fighter began the quest for the
                  | Orb.
     0 | D:1      | Reached XP level 1. HP: 21/21 MP: 1/1
   480 | D:1      | Reached XP level 2. HP: 27/28 MP: 2/2
  1175 | D:2      | Reached XP level 3. HP: 4/34 MP: 3/3
  1717 | D:2      | Reached XP level 4. HP: 35/42 MP: 4/4
  1999 | D:2      | Found a faded altar of an unknown god.
  2326 | D:3      | Reached skill level 3 in Axes
  2326 | D:3      | Reached XP level 5. HP: 33/49 MP: 5/5
  2450 | D:3      | Found a hazy altar of Hepliaklqana.
  2536 | D:3      | Found a blossoming altar of Fedhas.
  2555 | D:3      | Noticed an oklob plant
  3000 | D:4      | Found a white marble altar of Elyvilon.
  3066 | D:4      | Reached XP level 6. HP: 28/56 MP: 6/6
  3341 | D:4      | Found a basalt altar of Yredelemnul.
  3462 | D:4      | Found a staircase to the Ecumenical Temple.
  3464 | D:4      | Noticed Natasha
  3467 | D:4      | Killed Natasha
  3541 | Temple   | Entered the Ecumenical Temple
  3777 | D:4      | Reached skill level 4 in Axes
  3777 | D:4      | Reached skill level 1 in Dodging
  3790 | D:3      | Gained mutation: You possess an exceptional clarity of
                  | mind. [potion of mutation]
  3790 | D:3      | Gained mutation: You expend magic power (3 MP) to
                  | strengthen your wands. [potion of mutation]
  3790 | D:3      | Gained mutation: You can exhale a cloud of poison. [potion
                  | of mutation]
  3812 | D:3      | Reached XP level 7. HP: 7/63 MP: 3/7
  3817 | D:3      | HP: 3/63 [poisoned by a scorpion]
  4715 | D:4      | Reached skill level 1 in Evocations
  4953 | D:4      | Identified Zesanlod's Incunabulum of the Mountains
  5011 | D:4      | Noticed Natasha
  5021 | D:4      | Killed Natasha
  5117 | D:5      | Entered Level 5 of the Dungeon
  5148 | D:5      | Noticed Edmund
  5149 | D:5      | Noticed Menkaure
  5156 | D:5      | Killed Edmund
  5159 | D:5      | Killed Menkaure
  5160 | D:5      | Reached XP level 8. HP: 6/72 MP: 8/8
  5560 | D:5      | Found a glowing golden altar of the Shining One.
  5636 | D:5      | Noticed Eustachio
  5654 | D:5      | Killed Eustachio
  5655 | D:5      | Reached skill level 5 in Axes
  5958 | D:5      | Noticed a two-headed ogre
  5968 | D:5      | HP: 1/73 [two-headed ogre/+0 giant club (33)]
  5968 | D:5      | Demolished by a two-headed ogre

Illustrated notes

Levels and vault maps discovered:
D:1:      psy_arrival_conway, layout_loops_corners, serial_forest,
          infiniplex_forest_split, infiniplex_forest_straight_2,
          infiniplex_forest_fountain, infiniplex_forest_clump_curved,
          infiniplex_forest_lined_3, infiniplex_forest_clump_medium,
          infiniplex_forest_lined_4_way, infiniplex_forest_zigzag_2
D:2:      layout_basic, basic_ecumenical_altar, dk_noncrumbling_3
D:3:      layout_basic, lemuel_round_altar, tgw_fedhas, minmay_misc_feat_rows,
          minmay_curled_crystal
D:4:      old_forge, layout_basic, amcnicky_altar_gilded, old_standard_altar,
          minmay_temple_entry_offerings, uniq_natasha
D:5:      wander_river, layout_loops_corners, slow_altar_2,
          lemuel_crystal_altar, minmay_mini_ossuary, uniq_eustachio,
          uniq_edmund, uniq_menkaure
Temple:   nicolae_temple_figure_zero

Skill      XL: |  1  2  3  4  5  6  7  8 |
---------------+-------------------------+-----
Shields        | 3 4 |  4.4
Armour         | 3 4 |  4.8
Axes           | 3 4 5 |  5.5
Dodging        | 1 2 |  2.0
Evocations     | 1 |  1.7
Fighting       | 4 |  4.5
Stealth        | |  0.9

Action                   |  1- 3 |  4- 6 |  7- 9 || total
-------------------------+-------+-------+-------++-------
Melee: War axe           |    73 |    97 |    91 ||   261
 Abil: Spit Poison       |       |    36 |       ||    36
       Breathe Poison Ga |       |       |    15 ||    15
Evoke: Wand              |       |     2 |    11 ||    13
  Use: Potion            |     1 |     7 |       ||     8
Armor: Scale mail        |    44 |    80 |    59 ||   183
       Skin              |       |     7 |       ||     7
Dodge: Dodged            |    14 |    42 |    37 ||    93
Block: Kite shield       |    55 |    78 |    67 ||   200

Table legend: (Time is in decaauts)
 A = Elapsed time spent in this place.
 B = Non-inter-level travel time spent in this place.
 C = Inter-level travel time spent in this place.
 D = Time resting spent in this place.
 E = Time spent auto-exploring this place.
 F = Levels seen in this place.
 G = Mean time per level.
                   A        B        C        D        E       F      G
               +--------+--------+--------+--------+--------+-----+--------+
         Total |   7413 |   7212 |    201 |    490 |   5802 |   6 | 1235.5 |
       Dungeon |   7242 |   7055 |    187 |    490 |   5647 |   5 | 1448.4 |
        Temple |    171 |    158 |     13 |      0 |    154 |   1 |  171.0 |
               +--------+--------+--------+--------+--------+-----+--------+

Top non-repeatable levels by time:
     D:4: 1975 daAuts
     D:1: 1470 daAuts
     D:3: 1388 daAuts
     D:2: 1357 daAuts
     D:5: 1051 daAuts
  Temple: 171 daAuts
